Map: 2000 atmosfer ER

Players

Krystianer - Winner!

  • Race: Protoss Protoss
  • League: Grandmaster

Tiger

  • Race: Protoss Protoss
  • League: Grandmaster

VOD

Have the link to the VOD?

Description

Time

  • Played on: May 4, 2022, 6:17 p.m.
  • Length: 8:02
Show
View Real Time Build Order
Export as new Build Order

Krystianer Protoss - Winner!

Build Orders: Blink Stalkers 

Get SALT Encoding   

  12  0:00  Probe  
  13  0:12  Probe  
  14  0:17  Pylon  
  14  0:24  Probe (Chrono Boost)  
  15  0:36  Probe (Chrono Boost)  
  15  0:38  Gateway  
  16  0:45  Probe (Chrono Boost)  
  16  0:46  Assimilator  
  17  0:50  Probe  
  17  0:54  Assimilator  
  18  1:03  Probe (Chrono Boost)  
  19  1:07  Gateway  
  19  1:12  Probe (Chrono Boost)  
  19  1:17  Probe (Chrono Boost)  
  20  1:25  Cybernetics Core  
  21  1:30  Probe  
  22  1:33  Pylon  
  22  1:43  Probe  
  23  1:55  Probe  
  23  2:00  Warp Gate (Chrono Boost)  
  24  2:01  Stalker  
  24  2:02  Stalker  
  24  2:07  Probe  
  29  2:12  Pylon  
  29  2:19  Probe  
  30  2:30  Sentry (Chrono Boost)  
  34  2:39  Sentry (Chrono Boost)  
  34  2:44  Nexus  
  34  2:52  Twilight Council  
  34  3:02  Probe  
  35  3:07  Pylon  
  35  3:11  Stalker  
  37  3:14  Probe  
  38  3:26  Blink (Chrono Boost), Probe  
  39  3:38  Probe  
  39  3:40  Stalker  
  42  3:52  Stalker  
  42  3:53  Probe (Chrono Boost)  
  45  3:56  Probe (Chrono Boost)  
  46  4:06  Probe (Chrono Boost), Stalker  
  46  4:07  Probe (Chrono Boost)  
  50  4:11  Probe (Chrono Boost)  
  50  4:15  Probe  
  50  4:16  Stalker  
  54  4:22  Probe  
  55  4:26  Pylon  
  55  4:27  Probe  
  55  4:29  Stalker  
  58  4:34  Probe  
  59  4:40  Stalker  
  61  4:47  Nexus  
  61  4:54  Probe, Pylon  
  61  4:55  Probe  
  63  5:04  Stalker x2  
  63  5:07  Probe x2  
  68  5:12  Pylon  
  69  5:16  Gateway  
  69  5:18  Gateway  
  69  5:20  Probe  
  71  5:21  Probe  
  71  5:33  Probe  
  72  5:35  Gateway  
  72  5:36  Gateway  
  72  5:39  Probe, Forge  
  73  5:48  Stalker x2  
  77  5:51  Shield Battery  
  77  5:53  Probe (Chrono Boost)  
  77  5:54  Probe (Chrono Boost)  
  79  6:01  Probe (Chrono Boost)  
  80  6:05  Protoss Ground Weapons Level 1 (Chrono Boost)  
  80  6:06  Probe (Chrono Boost)  
  80  6:08  Robotics Facility  
  80  6:10  Probe x2 (Chrono Boost)  
  83  6:12  Probe (Chrono Boost)  
  83  6:15  Probe (Chrono Boost)  
  83  6:16  Probe  
  83  6:17  Stalker  
  88  6:19  Stalker  
  88  6:23  Assimilator, Stalker  
  92  6:26  Probe  
  92  6:28  Assimilator, Probe  
  92  6:29  Probe  
  95  6:33  Stalker  
  95  6:34  Stalker  
  95  6:39  Pylon  
  99  6:42  Stalker  
  101  6:48  Pylon  
  101  6:50  Phoenix, Pylon  
  101  6:54  Warp Prism (Chrono Boost), Pylon  
  101  6:57  Probe  
  104  7:04  Photon Cannon  
  104  7:05  Photon Cannon  
  104  7:07  Stalker x2  
  108  7:10  Probe  
  108  7:13  Stalker x2  
  113  7:20  Pylon  
  113  7:23  Observer  
  114  7:37  Nexus  
  114  7:38  Pylon  
  114  7:46  Stalker x6  
Show
View Real Time Build Order
Export as new Build Order

Tiger Protoss 

Build Orders: Oracle Opening 

Get SALT Encoding   

  12  0:00  Probe  
  13  0:12  Probe  
  14  0:17  Pylon  
  14  0:24  Probe (Chrono Boost)  
  16  0:37  Probe (Chrono Boost)  
  16  0:38  Gateway  
  16  0:41  Probe (Chrono Boost)  
  16  0:45  Assimilator  
  17  0:52  Probe (Chrono Boost)  
  17  0:54  Assimilator  
  18  1:04  Probe (Chrono Boost)  
  19  1:08  Gateway  
  19  1:13  Probe (Chrono Boost)  
  19  1:18  Probe  
  21  1:26  Cybernetics Core  
  21  1:30  Probe  
  22  1:39  Pylon  
  22  1:42  Probe  
  24  2:02  Stalker x2  
  24  2:04  Warp Gate  
  27  2:19  Twilight Council  
  27  2:27  Stargate  
  27  2:42  Nexus  
  26  2:47  Probe  
  27  2:56  Pylon  
  27  2:59  Probe  
  28  3:07  Oracle (Chrono Boost)  
  31  3:14  Probe  
  31  3:16  Robotics Facility  
  32  3:23  Shield Battery  
  32  3:26  Probe  
  33  3:37  Oracle (Chrono Boost)  
  33  3:38  Probe  
  37  3:52  Probe (Chrono Boost)  
  37  3:55  Assimilator  
  38  3:58  Probe (Chrono Boost)  
  40  4:07  Probe x2 (Chrono Boost)  
  41  4:12  Probe (Chrono Boost)  
  41  4:15  Probe (Chrono Boost)  
  43  4:23  Immortal  
  47  4:25  Probe (Chrono Boost)  
  47  4:30  Assimilator  
  49  4:32  Probe (Chrono Boost)  
  49  4:34  Probe (Chrono Boost), Protoss Air Weapons Level 1  
  50  4:38  Probe  
  52  4:45  Probe  
  52  4:50  Probe  
  52  4:52  Pylon  
  53  4:57  Probe  
  54  5:00  Fleet Beacon  
  54  5:06  Pylon  
  54  5:10  Probe  
  54  5:12  Probe  
  56  5:14  Forge  
  56  5:22  Probe, Immortal  
  61  5:33  Probe  
  61  5:34  Mothership (Chrono Boost)  
  62  5:42  Pylon  
  62  5:45  Pylon  
  70  6:01  Carrier (Chrono Boost)  
  76  6:11  Stargate  
  76  6:21  Shield Battery  
  76  6:24  Photon Cannon  
  76  6:25  Photon Cannon  
  76  6:29  Pylon  
  77  6:36  Probe (Chrono Boost)  
  77  6:41  Nexus  
  77  6:49  Shield Battery  
  77  6:53  Photon Cannon  
  77  6:57  Carrier (Chrono Boost)  
  83  7:06  Pylon  
  83  7:07  Probe  
  84  7:13  Probe  
  88  7:31  Probe  
  88  7:36  Photon Cannon  
  89  7:38  Shield Battery  
  89  7:40  Photon Cannon  
  89  7:42  Photon Cannon  
Tags
 
Add a new tag
Caveats
  • Supply blocks, unpowered buildings, or Contaminate may cause inaccurate times.
  • Supply counts are checked every 10 seconds.